 Dungeon Crawl Stone Soup version 0.19-a0-1035-gdbfb0c6 (webtiles) character file.

179 seren the Ruffian (level 5, -6/40 HPs)
             Began as a Draconian Transmuter on July 29, 2016.
             Mangled by an ogre
             ... wielding a cursed +0 giant club
              (19 damage)
             ... on level 3 of the Dungeon.
             The game lasted 00:12:01 (3395 turns).

seren the Ruffian (Draconian Transmuter)            Turns: 3395, Time: 00:12:01

Health: -6/40      AC:  6    Str: 14    XL:     5   Next: 33%
Magic:  8/8        EV:  7    Int: 13    God:
Gold:   66         SH:  0    Dex: 11    Spells: 2 memorised, 5 levels left

rFire  . . .     SeeInvis .       - Unarmed
rCold  . . .     Gourm    .     (armour unavailable)
rNeg   . . .     Faith    .     (no shield)
rPois  .         Spirit   .     (helmet restricted)
rElec  .         Dismiss  .     (no cloak)
rCorr  .         Reflect  .     (no gloves)
SustAt .         Harm     .     j - +0 pair of boots
MR     .....                    (no amulet)
Stlth  +.........               (no ring)
                                (no ring)

@: not resistant to hostile enchantments, very unstealthy
A: unfitting armour, cold-blooded, AC +5
a: no special abilities


You were on level 3 of the Dungeon.
You were hungry.

You visited 1 branch of the dungeon, and saw 3 of its levels.

You collected 66 gold pieces.

Inventory:

Missiles
 a - 53 arrows
 e - 8 javelins of penetration (quivered)
Armour
 j - a +0 pair of boots (worn)
Scrolls
 d - a scroll of teleportation {unknown}
 f - 2 scrolls of fog
 g - 2 scrolls of identify
Potions
 h - a potion of haste {unknown}
 k - a potion of agility {unknown}
 l - a potion of heal wounds {unknown}
 n - a potion of curing {unknown}
 o - a potion of brilliance {unknown}
Books
 b - a book of Changes

   Spells                             Type                      Level
   a - Beastly Appendage              Transmutation                1
   b - Sticks to Snakes               Transmutation                2
   c - Spider Form                    Transmutation/Poison         3
   d - Ice Form                       Ice/Transmutation            4
   e - Blade Hands                    Transmutation                5
Comestibles
 c - 4 bread rations
 m - a beef jerky


   Skills:
 - Level 1.1 Fighting
 - Level 1.7 Dodging
 - Level 5.3 Unarmed Combat
 - Level 2.0 Spellcasting
 + Level 3.5 Transmutations


You had 5 spell levels left.
You knew the following spells:

 Your Spells              Type           Power        Failure   Level  Hunger
a - Beastly Appendage     Tmut           ##....       8%          1    ##.....
b - Sticks to Snakes      Tmut           ##......     10%         2    ###....


Dungeon Overview and Level Annotations

Branches:
Dungeon (3/15)

Altars:
Ru

Annotations:
D:2 Sigmund
D:3 aronpayne's ghost, amateur HuBe


Innate Abilities, Weirdness & Mutations

Your plain brown scales are hard. (AC +5)
Your body does not fit into most forms of armour.
You are cold-blooded and may be slowed by cold attacks.


Message History

You are too injured to fight recklessly!
Your horns disappear.
Okay, then.
Casting: Beastly Appendage
Confirm with . or Enter, or press ? or * to list all spells.
You miscast Sticks to Snakes.
You are very lightly contaminated with residual magic.
Nothing appears to happen.
You are feeling hungry.
The ogre closely misses you.
Casting: Sticks to Snakes
Confirm with . or Enter, or press ? or * to list all spells.
Okay, then.
Your magical contamination has completely faded away.
There is an escape hatch in the floor here.
Things that are here:
a robe; a dagger
There is a stone staircase leading up here.
The ogre hits you with a giant club!!
You die...

##..##.#..##....##....#
.##.##.##.#####..#..).#
.##....##..# ##...##
..#....###.# #....###
.(..##.###.######.#...#
.........#..##....###.#
#...###........#### #.#
..#.#.........#######.## #
###.#......)...O@......#.#
.##.....#.....#.######...#
.###.#####....#.####
#.....# .# #.##
#.........# #........ .#
#..##
##.##.###...###.##[.. .#
##..# #g.##.# #.###.# ..
.# ##.###.###.## ....# .
.# #...g.###..# #..#
.######.g.......# #.#


You could see an ogre.

Vanquished Creatures
  An orc priest (D:3)
  An orc wizard (D:3)
  3 gnolls (D:2)
  2 adders (D:2)
  An ooze (D:2)
  A worm (D:3)
  2 dart slugs (D:2)
  2 giant geckos (D:1)
  5 orcs
  2 ball pythons
  2 giant cockroaches (D:1)
  6 hobgoblins
  5 jackals
  4 kobolds
  5 bats
  2 giant newts (D:1)
  10 goblins
  5 rats
59 creatures vanquished.

Notes
Turn   | Place    | Note
-------+----------+-------------------------------------------
     0 | D:1      | seren the Draconian Transmuter began the quest for the Orb.
     0 | D:1      | Reached XP level 1. HP: 16/16 MP: 3/3
   365 | D:1      | Reached XP level 2. HP: 23/23 MP: 3/5
   825 | D:1      | Reached skill level 4 in Unarmed Combat
   939 | D:2      | Reached XP level 3. HP: 28/28 MP: 4/6
  1587 | D:2      | Noticed Sigmund
  1627 | D:1      | Learned a level 2 spell: Sticks to Snakes
  1762 | D:2      | Reached skill level 5 in Unarmed Combat
  1762 | D:2      | Reached XP level 4. HP: 35/35 MP: 5/7
  2005 | D:3      | Noticed aronpayne's ghost (amateur HuBe)
  2090 | D:2      | Found a sacrificial altar of Ru.
  2695 | D:2      | Reached XP level 5. HP: 32/40 MP: 6/8
  3362 | D:3      | Noticed an ogre
  3395 | D:3      | Mangled by an ogre

Vault maps used:
D:1:      minmay_arrival_four_loops, serial_corexii_hall,
          corexii_hall_statues_i, corexii_hall_statues_l
D:2:      first_bread, nicolae_ru_sacrificial_ziggurat, uniq_sigmund
D:3:      okawaru_gym_becter, minmay_ogre_servants

Skill      XL: |  1  2  3  4  5 |
---------------+----------------+-----
Unarmed Combat | 4 5 |  5.3
Transmutations | 3 |  3.5
Fighting       | |  1.1
Dodging        | |  1.7
Spellcasting   | |  2.0

Action                   |  1- 3 |  4- 6 || total
-------------------------+-------+-------++-------
Melee: Unarmed           |   154 |   127 ||   281
       Tailslap          |    13 |    11 ||    24
       Headbutt          |     3 |     6 ||     9
       Kick              |     2 |       ||     2
       Punch             |     2 |     7 ||     9
 Cast: Beastly Appendage |     7 |     8 ||    15
  Use: Scroll            |       |     2 ||     2
  Eat: Chunk             |     3 |     5 ||     8
Armor: Skin              |    44 |    61 ||   105
Dodge: Dodged            |    90 |   114 ||   204
